 Dungeon Crawl Stone Soup version 0.21.1-1-g345015f (webtiles) character file.

28 Mgcat the Ducker (level 3, 0/26 HPs)
             Began as an Octopode Fighter on Mar 8, 2018.
             Succumbed to an adder's poison
             ... on level 2 of the Dungeon.
             The game lasted 00:02:15 (576 turns).

Mgcat the Ducker (Octopode Fighter)                  Turns: 576, Time: 00:02:15

Health: 0/26       AC:  1    Str: 16    XL:     3   Next: 14%
Magic:  3/3        EV: 11    Int: 10    God:
Gold:   48         SH:  8    Dex: 11    Spells: 2/2 levels left

rFire    . . .     SeeInvis .   a - +0 flail
rCold    . . .     Gourm    .   i - +0 shield
rNeg     . . .     Faith    .   (helmet restricted)
rPois    .         Spirit   .   (no amulet)
rElec    .         Reflect  .   (no ring)
rCorr    .         Harm     .   (no ring)
MR       .....                  (no ring)
Stlth    +++.......             (no ring)
HPRegen  0.08/turn              (no ring)
MPRegen  0.08/turn              (no ring)
                                (no ring)
                                (no ring)

@: lethally poisoned (0 -> -14)
A: almost no armour, stealthy swim, amphibious, 8 rings, constrict 8, camouflage
1, gelatinous body 1
a: no special abilities


You were on level 2 of the Dungeon.
You were not hungry.

You visited 1 branch of the dungeon, and saw 2 of its levels.

You collected 48 gold pieces.

Inventory:

Hand Weapons
 a - a +0 flail (weapon)
 b - a +0 hunting sling
   (You found it on level 1 of the Dungeon)
Missiles
 k - 24 sling bullets
Armour
 i - a +0 shield (worn)
Scrolls
 g - a scroll of identify
 h - a scroll of random uselessness {unknown}
 l - a scroll of remove curse {unknown}
Potions
 c - a potion of might
 e - a potion of heal wounds {unknown}
 j - a potion of brilliance {unknown}
 m - a potion of lignification {!q}
Comestibles
 d - 5 rations
 f - a chunk of flesh {@w0}


   Skills:
 + Level 3.3 Fighting
 + Level 2.4 Maces & Flails
 + Level 3.3 Dodging
 + Level 1.6 Stealth
 - Level 3.0 Shields


You had 2 spell levels left.
You didn't know any spells.

Dungeon Overview and Level Annotations

Branches:
Dungeon (2/15)

Altars:


Innate Abilities, Weirdness & Mutations

You cannot wear most types of armour.
You are very stealthy in the water. (Stealth+)
You are amphibious.
You can wear up to eight rings at the same time.
You can use your tentacles to constrict eight enemies at once.
Your skin changes colour to match your surroundings (Stealth+).
Your rubbery body absorbs attacks. (AC +1, EV +1)


Message History

k - 24 sling bullets (gained 14)
You now have 35 gold pieces (gained 10).
Some of the chunks of flesh in your inventory have rotted away.
You see here a bat skeleton.
You now have 48 gold pieces (gained 13).
l - a scroll labeled LEGREZU SUAGE
d - 4 rations (gained 1)
A frilled lizard comes into view.
A frilled lizard is nearby!
The helpless frilled lizard fails to defend itself.
You hit the frilled lizard.
You kill the frilled lizard!
Some of the chunks of flesh in your inventory have rotted away.
No target in view!
No target in view!
You butcher the frilled lizard corpse.
f - 4 chunks of flesh {@w0} (gained 1) Key pressed, stopping explore.
Some of the chunks of flesh in your inventory have rotted away.
m - a dark potion Done exploring.
Done exploring.
Done exploring.
No target in view!
Done exploring.
No target in view!
Done exploring.
No target in view!
Okay, then.
Unknown command.
As you read the scroll labeled MECVOP WOSTOTRUR, it crumbles to dust.
It is a scroll of identify.
m - a potion of lignification Done exploring.
Done exploring.
(D) Dungeon
Where to? (? - help)
What level of the Dungeon? (default 1, ? - help)
You see here a club.
Some of the chunks of flesh in your inventory have rotted away.
There is a stone staircase leading down here.
You climb downwards.
There is a stone staircase leading up here.
d - 5 rations (gained 1)
A kobold comes into view. It is wielding a dagger.
The helpless kobold fails to defend itself.
You hit the kobold.
You kill the kobold!
No target in view!
n - 2 stones You see here a dagger.
An adder comes into view.
The adder hisses angrily.
Throwing (i - inventory):
n - 2 stones (quivered)
Press: ? - help, Shift-Dir - straight line, f - adder
Aim: an adder You throw a stone.
The stone barely misses the adder.
Throwing (i - inventory):
n - a stone (quivered)
Press: ? - help, Shift-Dir - straight line, f/p - adder
Aim: an adder You throw a stone.
The stone barely misses the adder.
You block the adder's attack.
You hit the adder. Your grab misses the adder.
The adder is moderately wounded.
The adder bites you.
You are poisoned.
The adder poisons you! The adder bites you.
You miss the adder. Your grab misses the adder.
The adder is moderately wounded.
You feel sick. The adder bites you.
You are more poisoned.
The adder poisons you!
Your shield prevents you from hitting the adder.
Your grab misses the adder. Your squeeze misses the adder.
The adder is moderately wounded.
You feel sick. The adder closely misses you. The adder bites you.
You are more poisoned.
The adder poisons you!
You closely miss the adder. Your grab misses the adder.
The adder is moderately wounded.
* * * LOW HITPOINT WARNING * * *
You feel sick. The adder closely misses you. x2
You closely miss the adder. You grab the adder. You squeeze the adder.
The adder is severely wounded.
You constrict the adder.
* * * LOW HITPOINT WARNING * * *
You feel sick. The adder closely misses you. The adder bites you.
* * * LOW HITPOINT WARNING * * *
You are more poisoned.
The adder poisons you!
Okay, then.
Unknown command.
Unknown command.
You hit the adder.
You kill the adder!
You have reached level 3!
Your experience leads to an increase in your attributes!
Increase (S)trength, (I)ntelligence, or (D)exterity?
You feel stronger.
You die...

#.####.### #........#
########..###.#.#
..........# #.#.#
######...###.#.##
######.[.##...... ###
#........##..#.##
.....###.####...##......
#(..)@.)...#.....##.##
##.###.##.###..[.....#
#.###.#..##.##... ..#
#.#......... ####
.####.###.. # # #.# ##.#
#..# #..#


There were no monsters in sight!

Vanquished Creatures
  An adder (D:2)
  A leopard gecko (D:1)
  4 bats (D:1)
  A goblin (D:1)
  3 hobgoblins (D:1)
  A frilled lizard (D:1)
  4 kobolds
  3 rats (D:1)
18 creatures vanquished.

Notes
Turn   | Place    | Note
-------+----------+-------------------------------------------
     0 | D:1      | Mgcat the Octopode Fighter began the quest for the Orb.
     0 | D:1      | Reached XP level 1. HP: 16/16 MP: 1/1
   123 | D:1      | Reached skill level 1 in Stealth
   123 | D:1      | Reached XP level 2. HP: 20/21 MP: 2/2
   575 | D:2      | HP: 4/21 [poisoned by an adder]
   575 | D:2      | HP: 1/21 [adder (3)]
   576 | D:2      | Reached XP level 3. HP: 1/26 MP: 3/3
   576 | D:2      | Succumbed to an adder's poison

Skill      XL: |  1 |
---------------+----+-----
Stealth        | 1 |  1.6
Fighting       | |  3.3
Maces & Flails | |  2.4
Dodging        | |  3.3
Shields        | |  3.0

Action                   || total
-------------------------++-------
Melee: Flail             ||    37
       Constrict         ||     8
       Tentacles         ||     7
Throw: Stone             ||     2
  Use: Scroll            ||     1
 Stab: Sleeping          ||     6
Armor: Skin              ||     4
Dodge: Dodged            ||    21
Block: Shield            ||    21

Vault maps used:
D:1:      nzn_arrival_water_spiral, minivault_25, minmay_misc_feat_diagonals,
          minmay_tetromino_l2
D:2:      uniq_sigmund, uniq_terence

Table legend:
 A = Turns spent in this place as a percentage of turns spent in the entire game.
 B = Non-inter-level travel turns spent in this place as a percentage of non-inter-level travel turns spent in the entire game.
 C = Inter-level travel turns spent in this place as a percentage of turns spent in this place.
 D = Turns resting spent in this place as a percentage of non-inter-level travel turns spent in this place.
 E = Turns spent auto-exploring this place as a percentage of non-inter-level travel turns spent in this place.
 F = Non-inter-level travel turns spent in this place divided by the number of levels of this place that you've seen.
                   A       B       C       D       E      F
               +-------+-------+-------+-------+-------+----------------------
         Total | 100.0 | 100.0 |   3.5 |   0.9 |  75.5 | 278.0
       Dungeon | 100.0 | 100.0 |   3.5 |   0.9 |  75.5 | 278.0
               +-------+-------+-------+-------+-------+----------------------

Table legend:
 A = Kills in this place as a percentage of kills in entire the game.
 B = Kills by you in this place as a percentage of kills by you in the entire game.
 C = Kills by friends in this place as a percentage of kills by friends in the entire game.
 D = Other kills in this place as a percentage of other kills in the entire game.
 E = Experience gained in this place as a percentage of experience gained in the entire game.
 F = Experience gained in this place divided by the number of levels of this place that you have seen.
                   A       B       C       D       E      F
               +-------+-------+-------+-------+-------+----------------------
         Total | 100.0 | 100.0 |   N/A |   N/A | 100.0 |  20.5
       Dungeon | 100.0 | 100.0 |   N/A |   N/A | 100.0 |  20.5
               +-------+-------+-------+-------+-------+----------------------
